AoeStats
← Jimbo990

Arena

512870714Analyzed
4v4 RM · 6d ago on Oct 11, 2026· 66m 25s· 8 players
Game mode
Random Map
Map size
Large (8 player)
Population
200
Speed
Normal
Resources
Standard
Victory
Conquest
Starting age
Dark Age
Ending age
Imperial Age
RankedLock teamsTeams togetherTeam positionsShared explorationLock speedFull tech treeHidden civsTurbo modeCheats
Victory
Defeat
🇳🇿 Mapuche · New Zealand
807
+7
🇫🇷 Hindustanis · France
807
+7
🇨🇳 Portuguese · China
731
+9
🇭🇰 Dravidians · Hong Kong SAR China
498
+18
vs
🇬🇧 Bengalis · United Kingdom
628
-13
🇸🇪 Lithuanians · Sweden
613
-11
🇬🇧 Slavs · United Kingdom
550
-9
🇬🇧 Mongols · United Kingdom
513
-8
Jimbo990
10:41 Feudal Age
13:39 Loom
14:31 Double-Bit Axe
17:50 Horse Collar
21:02 Castle Age
22:48 Man-at-Arms
26:14 Gold Mining
26:15 Town Watch
28:13 Bow Saw
28:05 Heavy Plow
29:33 Long Swordsman
30:28 Murder Holes
32:02 Forging
31:43 Fletching
31:54 Scale Mail Armor
38:40 Imperial Age
40:27 Chemistry
39:48 Ballistics
39:14 Arrowslits
39:40 Fortified Wall
39:19 Arrowslits
39:44 Masonry
40:10 Elite Ratha (Ranged)
41:42 Bodkin Arrow
43:55 Light Cavalry
46:01 Wheelbarrow
47:17 Mahayana
51:50 Heavy Scorpion
57:10 Iron Casting
56:36 Bracer
56:36 Padded Archer Armor
56:51 Chain Mail Armor
57:14 Hand Cart
57:33 Architecture
Animal
10:54 Feudal Age
9:49 Loom
11:56 Double-Bit Axe
16:07 Castle Age
14:56 Stone Mining
14:49 Horse Collar
16:11 Gold Mining
18:12 Loom
21:59 Bow Saw
28:17 Imperial Age
25:59 Fletching
27:22 Bodkin Arrow
29:37 Heavy Plow
33:33 Crop Rotation
37:19 Scale Barding Armor
39:15 Wheelbarrow
38:26 Town Watch
39:46 Chain Barding Armor
41:24 Chemistry
41:03 Bracer
42:33 Forging
42:59 Plate Barding Armor
43:58 Conscription
44:28 Iron Casting
45:22 Masonry
45:51 Fortified Wall
45:55 Scale Mail Armor
46:22 Husbandry
45:47 Light Cavalry
46:02 Cavalier
49:09 Hand Cart
52:03 Architecture
52:47 Paladin
62:27 Two-Man Saw
66:12 Pikeman
66:55 Squires
66:40 Arson
pablog1509
10:18 Feudal Age
11:40 Wheelbarrow
10:54 Double-Bit Axe
15:34 Horse Collar
21:07 Castle Age
22:21 Hand Cart
22:28 Bow Saw
22:47 Heavy Plow
28:34 Stone Mining
29:40 Loom
30:51 Gold Mining
33:56 Murder Holes
34:14 Masonry
37:06 Imperial Age
35:11 Arson
36:56 Nomads
37:29 Scale Barding Armor
37:24 Padded Archer Armor
37:36 Forging
37:18 Fletching
38:11 Stone Shaft Mining
37:27 Town Watch
39:17 Gold Shaft Mining
40:47 Squires
40:08 Pikeman
41:10 Scale Mail Armor
43:17 Leather Archer Armor
45:59 Chemistry
48:37 Fortified Wall
48:50 Husbandry
49:04 Bloodlines
52:57 Caravan
53:03 Elite Steppe Lancer
54:04 Elite Skirmisher
direoa01
0:53 Loom
14:25 Feudal Age
16:27 Horse Collar
18:52 Stone Mining
19:14 Man-at-Arms
22:18 Wheelbarrow
25:21 Castle Age
25:08 Forging
24:59 Scale Mail Armor
25:05 Scale Barding Armor
25:45 Fletching
25:56 Padded Archer Armor
26:08 Heavy Plow
26:32 Gold Mining
27:53 Hand Cart
28:47 Gold Shaft Mining
29:52 Leather Archer Armor
29:33 Bodkin Arrow
34:39 Imperial Age
33:25 Iron Casting
32:57 Squires
34:01 Chain Mail Armor
34:11 Chain Barding Armor
33:55 Husbandry
34:04 Elite Skirmisher
35:03 Murder Holes
35:29 Ballistics
35:20 Masonry
34:59 Long Swordsman
35:00 Pikeman
37:26 Crop Rotation
38:04 Blast Furnace
37:35 Plate Mail Armor
38:06 Conscription
40:41 Ring Archer Armor
40:47 Plate Barding Armor
41:20 Hoardings
42:31 Chemistry
42:03 Siege Engineers
41:41 Heavy Cavalry Archer
43:46 Fortified Wall
44:07 Bloodlines
43:39 Onager
44:09 Cavalier
44:59 Druzhina
45:00 Detinets
45:39 Elite Boyar
48:03 Halberdier
今天是魔王
0:35 Loom
12:10 Feudal Age
13:45 Double-Bit Axe
15:09 Wheelbarrow
14:39 Gold Mining
14:44 Stone Mining
19:33 Horse Collar
26:53 Castle Age
25:08 Fletching
31:19 Bodkin Arrow
33:26 Caravan
34:49 Murder Holes
35:15 Ballistics
35:06 Fortified Wall
37:20 Bow Saw
40:38 Imperial Age
40:59 Heavy Plow
41:23 Scale Barding Armor
42:56 Husbandry
43:22 Conscription
44:23 Hand Cart
45:14 Squires
45:01 Arson
46:29 Chemistry
45:41 Masonry
45:35 Bracer
45:57 Chain Barding Armor
57:25 Town Watch
63:30 Wootz Steel
63:19 Medical Corps
63:51 Hoardings
62:51 Siege Elephant
真我,无我
2:07 Loom
3:54 Loom
10:58 Feudal Age
12:21 Double-Bit Axe
12:17 Horse Collar
12:29 Stone Mining
12:29 Gold Mining
21:41 Castle Age
22:40 Bow Saw
22:35 Heavy Plow
23:13 Wheelbarrow
23:17 Stone Shaft Mining
23:57 Hand Cart
24:26 Town Watch
28:48 Ballistics
31:00 Circumnavigation
33:36 Imperial Age
33:43 Elite Organ Gun
34:45 Conscription
34:28 Arquebus
34:39 Siege Engineers
35:38 Chemistry
34:30 Gambesons
36:09 Two-Man Saw
36:39 Town Patrol
36:30 Pikeman
36:56 Arson
36:34 Elite Skirmisher
38:31 Forging
38:21 Scale Mail Armor
38:22 Padded Archer Armor
38:12 Fletching
40:44 Crop Rotation
40:43 Halberdier
41:42 Chain Mail Armor
42:02 Iron Casting
41:43 Leather Archer Armor
41:23 Bodkin Arrow
65:05 Blast Furnace
64:35 Plate Mail Armor
64:36 Ring Archer Armor
64:06 Bracer
Keynes
0:47 Loom
12:36 Feudal Age
14:10 Wheelbarrow
14:03 Double-Bit Axe
14:53 Horse Collar
16:44 Town Watch
19:35 Castle Age
20:40 Forging
20:31 Scale Mail Armor
20:52 Hand Cart
20:04 Pikeman
20:12 Elite Skirmisher
21:08 Bow Saw
21:59 Fletching
22:16 Heavy Plow
24:42 Padded Archer Armor
27:14 Gold Mining
27:53 Bodkin Arrow
28:42 Stone Mining
29:32 Gold Shaft Mining
44:55 Stone Shaft Mining
47:06 Iron Casting
47:11 Champi Runner
48:14 Chain Mail Armor
48:14 Leather Archer Armor
49:14 Caravan
49:32 Champi Warrior
56:23 Imperial Age
59:32 Blast Furnace
59:02 Plate Mail Armor
59:03 Ring Archer Armor
58:12 Halberdier
58:13 Elite Champi Warrior
60:50 Arson
61:57 Crop Rotation
61:21 Arson
64:25 Capped Ram
65:15 Murder Holes
65:30 Masonry
66:22 Chemistry
65:03 Treadmill Crane
65:29 Siege Engineers
65:45 Ballistics
65:11 Arrowslits
vincent.barre29
1:01 Loom
10:46 Feudal Age
11:12 Horse Collar
11:23 Double-Bit Axe
19:21 Castle Age
17:22 Gold Mining
20:43 Heavy Plow
21:00 Bow Saw
21:17 Caravan
27:23 Wheelbarrow
26:33 Town Watch
28:37 Gold Shaft Mining
29:35 Forging
29:26 Scale Mail Armor
29:31 Scale Barding Armor
29:18 Fletching
28:59 Pikeman
29:39 Squires
32:39 Imperial Age
30:40 Bloodlines
30:33 Husbandry
31:48 Ballistics
31:24 Murder Holes
31:40 Masonry
30:54 Light Cavalry
33:07 Iron Casting
34:22 Chemistry
33:13 Heavy Camel Rider
35:03 Blast Furnace
34:18 Hussar
36:00 Hand Cart
36:52 Imperial Camel Rider
40:09 Chain Mail Armor
40:15 Chain Barding Armor
39:51 Bodkin Arrow
39:27 Elite Ghulam
53:49 Plate Barding Armor
53:15 Bracer
54:01 Hoardings
54:36 Two-Man Saw
Connection lost

Rejoining the realm…

Still unreachable

The connection could not be restored.

Session expired

The server has moved on; the page needs a fresh start.